 Dungeon Crawl Stone Soup version 0.31-a0-431-g88bdf31460 (webtiles) character file.

Game seed: 5023622050547651629

877 Dirtsage the Ruffian (level 7, -5/48 HPs)
             Began as a Demonspawn Shapeshifter on July 31, 2023.
             Slain by a killer bee (8 damage)
             ... on level 5 of the Dungeon.
             The game lasted 00:07:15 (3816 turns).

Dirtsage the Ruffian (Demonspawn Shapeshifter)      Turns: 3816, Time: 00:07:16

Health: -5/48      AC:  4    Str: 17    XL:     7   Next: 75%
Magic:  7/7        EV: 11    Int:  9    God:
Gold:   233        SH:  0    Dex: 14    Spells: 6/6 levels left

rFire   + .          .
                       - Unarmed
rCold   . . .        (no shield)
rNeg    + . .        t - +0 troll leather armour {Pargi}
rPois   .            (helmet currently unavailable)
rElec   .            (cloak currently unavailable)
rCorr   .            (gloves currently unavailable)
SInv    .            (boots currently unavailable)
Will    .....        v - amulet "Lulirr" {Acrobat rF+}
Stlth   +            W - ring of wizardry
HPRegen 1.08/turn    N - ring of positive energy
MPRegen 0.10/turn

%: acrobat, wizardry (x1)
@: lethally poisoned (-5 -> -14), beast-form
A: beast (slay +3), horns 1, demonic magic 1, weakness stinger 1, demonic touch
1
a: Begin Untransformation


You were on level 5 of the Dungeon.
You were a hulking beast.
You visited 1 branch of the dungeon, and saw 5 of its levels.
You also visited: Sewer.

You collected 233 gold pieces.

Inventory:

Armour
 a - a +0 animal skin
 b - a +0 pair of gloves
 i - a +0 scale mail
 t - a +0 troll leather armour (worn) {Pargi}
Jewellery
 e - a ring of magical power
 m - a ring of wizardry
 n - an amulet of magic regeneration
 v - the amulet "Lulirr" (around neck) {Acrobat rF+}
   (You found it in a sewer)

   [amulet of the acrobat]

   It increases your evasion while moving and waiting.
   rF:        It protects you from fire.
 N - a ring of positive energy (right hand)
 W - a ring of wizardry (left hand)
Talismans
 c - a beast talisman (active)
Scrolls
 d - a scroll of enchant armour {unknown}
 f - 2 scrolls of blinking {unknown}
 g - 3 scrolls of identify {unknown}
 l - a scroll of revelation {unknown}
 o - 3 scrolls of teleportation {unknown}
 r - a scroll of poison {unknown}
 s - a scroll of immolation {unknown}
 u - 2 scrolls of fog {unknown}
 w - a scroll of brand weapon {unknown}
Potions
 h - a potion of mutation {unknown}
 j - a potion of heal wounds {unknown}
 k - a potion of enlightenment
 p - 3 potions of haste {unknown}
 q - 2 potions of curing


   Skills:
 - Level 1.0 Fighting
 - Level 1.7 Dodging
 + Level 6.3 Unarmed Combat
 + Level 5.4 Shapeshifting


You had 6 spell levels left.
You didn't know any spells.
Your spell library contained the following spells:

 Spells                   Type           Power      Damage    Failure   Level
 Necrotise                Necr           0%         1d4       21%         1
 Slow                     Hex            0%         N/A       21%         1
 Confusing Touch          Hex            0%         N/A       50%         3
 Vampiric Draining        Necr           0%         2d6       50%         3
 Agony                    Necr           0%         N/A       99%         5


Dungeon Overview and Level Annotations

Branches:
Dungeon (5/15)              Sewer (visited)
 Temple: D:4-7

Altars:


Innate Abilities, Weirdness & Mutations

You are a hulking beast.
Your limbs bulge with bestial killing power. (Slay +3)
You have a pair of small horns on your head.
Spells you cast may paralyse adjacent enemies.
You have a small tail.
Your touch may inflict minor irresistible damage on your foes.


Message History

You take 11 damage, and have 29/48 hp.
MASSIVE DAMAGE!!
You miss the killer bee. You tail-slap the killer bee.
You touch the killer bee.
You kill the killer bee!
You feel sick. The killer bee stings you!
You take 8 damage, and have 21/48 hp.
You miss the killer bee.
You feel sick. The killer bee closely misses you. The killer bee stings you.
You take 5 damage, and have 16/48 hp.
You closely miss the killer bee. You headbutt the killer bee.
You touch the killer bee.
The killer bee is heavily wounded.
You feel sick. The killer bee barely misses you.
The killer bee closely misses you.
You take 1 damage, and have 15/48 hp.
You punch the killer bee!
You kill the killer bee!
You feel sick.
You hit the killer bee but do no damage.
Your touch misses the killer bee.
You feel sick.
The killer bee stings you but does no damage.
The killer bee barely misses you.
You closely miss the killer bee. You headbutt the killer bee!
Your touch misses the killer bee.
The killer bee is heavily wounded.
You feel sick. The killer bee stings you.
* * * LOW HITPOINT WARNING * * *
You are more poisoned.
The killer bee poisons you! The killer bee stings you.
* * * LOW HITPOINT WARNING * * *
You are lethally poisoned!
The killer bee poisons you!
You take 9 damage, and have 6/48 hp.
You closely miss the killer bee.
Your tail-slap misses the killer bee.
Your touch misses the killer bee.
The killer bee is heavily wounded.
* * * LOW HITPOINT WARNING * * *
You feel very sick. The killer bee misses you. The killer bee stings you!
You die...

###### #....########
#....##...~~###
#....##..~~~#~~
#######....#....#~###
#...hy..)#....††~~#~~
#..######.#.##..~#~#~#
... #.÷.#..~~~~#~† .
#..##...~#~#~#
###..##...~#~#†#
#..........#~†~#
#.#.#.##...#####
.!.#.#.###.....# ###
....# ##...##


You could see a killer bee.

Vanquished Creatures
  Pargi (Sewer)
  An ogre (D:5)
  A phantom (D:3)
  2 scorpions (D:4)
  2 killer bees (D:5)
  A hound (D:4)
  A gnoll bouda (D:2)
  3 orc wizards (D:3)
  12 adders
  5 gnolls
  2 river rats (D:5)
  5 worms (D:5)
  A dart slug (D:1)
  18 orcs
  5 bats
  3 endoplasms
  3 giant cockroaches
  4 hobgoblins
  A jackal (D:5)
  12 kobolds
  5 quokkas
  5 ball pythons
  6 frilled lizards
  6 goblins
  9 rats
114 creatures vanquished.

Notes
Turn   | Place    | Note
-------+----------+-------------------------------------------
     0 | D:1      | Dirtsage the Demonspawn Shapeshifter began the quest for
                  | the Orb.
     0 | D:1      | Reached XP level 1. HP: 15/15 MP: 1/1
   160 | D:1      | Found a faded altar of an unknown god.
   271 | D:1      | Reached skill level 3 in Unarmed Combat
   303 | D:1      | Discovered your monstrous ancestry.
   303 | D:1      | Gained mutation: Your touch may inflict minor irresistible
                  | damage on your foes. [demonic ancestry]
   303 | D:1      | Reached XP level 2. HP: 17/21 MP: 2/2
   958 | D:1      | Gained mutation: You have a small tail. [demonic ancestry]
   958 | D:1      | Reached XP level 3. HP: 26/26 MP: 3/3
  1313 | D:1      | Gained mutation: Spells you cast may paralyse adjacent
                  | enemies. [demonic ancestry]
  1313 | D:1      | Reached XP level 4. HP: 24/32 MP: 4/4
  1353 | D:2      | Reached skill level 4 in Unarmed Combat
  1643 | D:2      | Gained mutation: You have a pair of small horns on your
                  | head. [demonic ancestry]
  1643 | D:2      | Reached XP level 5. HP: 31/37 MP: 5/5
  2360 | D:3      | Noticed a phantom
  2369 | D:3      | Killed a phantom
  2370 | D:3      | Reached XP level 6. HP: 31/43 MP: 6/6
  2544 | D:3      | Reached skill level 5 in Unarmed Combat
  2657 | D:3      | Noticed an angel
  3210 | D:4      | Reached XP level 7. HP: 48/48 MP: 7/7
  3581 | D:5      | Entered Level 5 of the Dungeon
  3585 | D:5      | Reached skill level 5 in Shapeshifting
  3638 | D:5      | Found a glowing drain.
  3643 | Sewer    | Entered a sewer
  3686 | Sewer    | Noticed Pargi
  3691 | Sewer    | Killed Pargi
  3692 | Sewer    | Reached skill level 6 in Unarmed Combat
  3718 | Sewer    | Identified the amulet "Lulirr" {Acrobat rF+}
  3816 | D:5      | Slain by a killer bee

Illustrated notes

Levels and vault maps discovered:
D:1:      minmay_arrival_diagonal_passages, layout_basic,
          shapermc_ecumenical_altar_notcrosses, minmay_misc_feat_four_crosses,
          minmay_cupped
D:2:      layout_loops_ring
D:3:      layout_basic, zin_angel
D:4:      layout_basic, mainiacjoe_overflow_catwalk, grunt_decor_resistance,
          minmay_crystal_room
D:5:      layout_rooms, chequers_temple_overflow_minitemple, temple_green,
          lightli_sewer_entry_pipes, hex_tiny, minmay_stone_trees_small,
          sword_in_stone, uniq_duvessa

Skill      XL: |  1  2  3  4  5  6  7 |
---------------+----------------------+-----
Unarmed Combat | 3 4 5 6 |  6.3
Shapeshifting  | 3 4 5 |  5.4
Fighting       | |  1.0
Dodging        | |  1.7

Action                     |  1- 3 |  4- 6 |  7- 9 || total
---------------------------+-------+-------+-------++-------
  Melee: Unarmed           |    88 |   115 |    54 ||   257
         Touch             |     9 |    20 |    16 ||    45
         Tailslap          |     1 |    16 |     5 ||    22
         Punch             |       |     4 |     1 ||     5
         Headbutt          |       |    10 |    12 ||    22
    Use: Potion            |       |     3 |       ||     3
   Stab: Sleeping          |     1 |       |       ||     1
 Armour: Animal skin       |    14 |       |       ||    14
         Scale mail        |    13 |    32 |    14 ||    59
         Skin              |       |    15 |       ||    15
         Troll leather arm |       |       |     4 ||     4
  Dodge: Dodged            |    49 |    51 |    40 ||   140

Table legend: (Time is in decaauts)
 A = Elapsed time spent in this place.
 B = Non-inter-level travel time spent in this place.
 C = Inter-level travel time spent in this place.
 D = Time resting spent in this place.
 E = Time spent auto-exploring this place.
 F = Levels seen in this place.
 G = Mean time per level.
                   A        B        C        D        E       F      G
               +--------+--------+--------+--------+--------+-----+--------+
         Total |   3833 |   3713 |    120 |    141 |   2870 |   6 |  638.8 |
       Dungeon |   3726 |   3606 |    120 |    141 |   2819 |   5 |  745.2 |
         Sewer |    107 |    107 |      0 |      0 |     51 |   1 |  107.0 |
               +--------+--------+--------+--------+--------+-----+--------+

Top non-repeatable levels by time:
     D:1: 1328 daAuts
     D:4: 788 daAuts
     D:3: 761 daAuts
     D:2: 685 daAuts
     D:5: 162 daAuts
   Sewer: 107 daAuts
